AoeStats
← Alexander

African Clearing

510440589Analyzed
4v4 RM · 1d ago on Oct 1, 2026· 51m 51s· 8 players
Game mode
Random Map
Map size
Large (8 player)
Population
200
Speed
Normal
Resources
Standard
Victory
Conquest
Starting age
Dark Age
Ending age
Imperial Age
RankedLock teamsTeams togetherTeam positionsShared explorationLock speedFull tech treeHidden civsTurbo modeCheats
Victory
Defeat
🇻🇳 Varangians · Vietnam
1425
+7
🇺🇸 Persians · United States
1340
+10
🇺🇸 Wei · United States
1079
+20
🇱🇧 Varangians · Lebanon
1077
+19
🇹🇼 Mongols · Taiwan
1216
-15
🇨🇱 Mapuche · Chile
1186
-14
🇦🇷 Vietnamese · Argentina
1185
-14
🇧🇷 Gurjaras · Brazil
1170
-13
Alexander
12:07 Feudal Age
16:21 Castle Age
17:02 Double-Bit Axe
17:20 Gold Mining
19:07 Loom
25:12 Fletching
27:20 Bloodlines
28:35 Husbandry
32:00 Ballistics
33:51 Gold Shaft Mining
36:16 Bodkin Arrow
41:37 Wheelbarrow
45:07 Imperial Age
44:29 Thumb Ring
44:29 Light Cavalry
45:17 Scale Barding Armor
46:09 Hussar
46:58 Horse Collar
48:31 Parthian Tactics
47:43 Pikeman
48:40 Padded Archer Armor
49:23 Squires
49:25 Scale Mail Armor
51:46 Chemistry
Monolito
10:27 Loom
12:12 Feudal Age
13:51 Double-Bit Axe
20:01 Castle Age
17:52 Horse Collar
20:05 Wheelbarrow
20:49 Fletching
21:44 Padded Archer Armor
25:50 Gold Mining
28:28 Bodkin Arrow
29:36 Heavy Plow
30:18 Leather Archer Armor
31:30 Malon
33:19 Bow Saw
39:29 Imperial Age
37:47 Ballistics
40:33 Hand Cart
41:22 Gold Shaft Mining
41:36 Champi Runner
42:19 Scale Mail Armor
46:59 Ring Archer Armor
47:09 Conscription
47:44 Crop Rotation
47:49 Chain Mail Armor
47:45 Forging
48:05 Forging
47:57 Champi Warrior
48:22 Arson
49:28 Masonry
52:28 Plate Mail Armor
Sabio Pervertido
5:59 Loom
15:12 Feudal Age
19:50 Castle Age
17:40 Double-Bit Axe
20:02 Castle Age
18:35 Fletching
18:45 Padded Archer Armor
18:51 Stone Mining
18:53 Horse Collar
20:34 Gold Mining
21:22 Wheelbarrow
22:02 Bodkin Arrow
39:04 Ballistics
39:06 Leather Archer Armor
NobregaPF
11:25 Loom
13:47 Feudal Age
19:53 Castle Age
19:18 Double-Bit Axe
19:47 Stone Mining
25:07 Wheelbarrow
31:51 Horse Collar
35:44 Bloodlines
36:05 Husbandry
39:25 Forging
40:36 Scale Barding Armor
42:50 Hand Cart
44:41 Iron Casting
45:37 Chain Barding Armor
46:29 Gold Mining
48:58 Heavy Plow
51:40 Imperial Age
51:40 Bow Saw
51:23 Fletching
51:34 Padded Archer Armor
52:36 Gold Shaft Mining
pimentbd
6:33 Loom
12:14 Feudal Age
15:34 Scale Barding Armor
16:12 Double-Bit Axe
20:54 Castle Age
20:31 Forging
20:43 Light Cavalry
26:35 Town Watch
27:52 Bow Saw
33:13 Chain Barding Armor
33:21 Bloodlines
38:11 Gold Mining
42:07 Imperial Age
42:44 Iron Casting
41:44 Cavalier
42:25 Husbandry
42:54 Conscription
44:08 Plate Barding Armor
44:00 Savar
Shoveler
11:46 Feudal Age
16:34 Loom
17:53 Double-Bit Axe
21:19 Castle Age
25:44 Scale Barding Armor
25:49 Forging
25:33 Fletching
27:52 Bloodlines
30:47 Chain Barding Armor
38:38 Bodkin Arrow
38:50 Husbandry
43:52 Imperial Age
42:38 Crossbowman
43:32 Padded Archer Armor
45:56 Leather Archer Armor
47:07 Heavy Hei Guang Cavalry
KOMR4D ☭
10:32 Loom
12:43 Feudal Age
16:51 Castle Age
17:29 Forging
19:21 Double-Bit Axe
21:00 Scale Mail Armor
21:47 Wheelbarrow
24:26 Forging
36:36 Town Watch
36:52 Gold Mining
47:06 Chain Mail Armor
47:26 Iron Casting
51:42 Imperial Age
49:52 Squires
Secretary E
11:49 Feudal Age
14:11 Wheelbarrow
13:21 Loom
16:41 Castle Age
15:48 Double-Bit Axe
17:10 Fishing Lines
19:44 Town Watch
22:18 Wheelbarrow
25:38 Fletching
26:26 Bodkin Arrow
30:31 Imperial Age
31:25 Hand Cart
31:53 Bow Saw
31:24 Horse Collar
32:25 Conscription
31:26 Gothikon
32:23 Heavy Plow
32:38 Squires
32:50 Scale Barding Armor
32:48 Scale Mail Armor
32:52 Arson
34:18 Chain Mail Armor
35:32 Plate Mail Armor
42:38 Elite Varangian Guard
44:07 Forging
44:39 Gillnets
45:42 Iron Casting
47:30 Blast Furnace
47:05 Gold Mining
47:06 Stone Mining
51:13 Bracer
52:02 Ballistics
Connection lost

Rejoining the realm…

Still unreachable

The connection could not be restored.

Session expired

The server has moved on; the page needs a fresh start.